 Dungeon Crawl Stone Soup version 0.26-a0-466-g989023bd0d (webtiles) character file.

Game seed: 15247319323877499514

26614 Lanoc the Grappler (level 12, -14/122 HPs)
             Began as a Troll Transmuter on Aug 13, 2020.
             Was a Priest of Ru.
             Demolished by a komodo dragon (23 damage)
             ... on level 13 of the Dungeon.
             The game lasted 00:27:31 (13443 turns).

Lanoc the Grappler (Troll Transmuter)              Turns: 13443, Time: 00:27:32

Health: -14/122    AC:  6    Str: 25    XL:     12   Next: 99%
Magic:  9/12       EV: 27    Int: 11    God:    Ru [***...]
Gold:   856        SH:  0    Dex: 17    Spells: 7/13 levels left

rFire    . . .     SeeInvis +     - Unarmed
rCold    . . .     Faith    +   (shield currently unavailable)
rNeg     . . .     Spirit   .   (armour currently unavailable)
rPois    x         Reflect  .   (helmet currently unavailable)
rElec    .         Harm     .   (cloak currently unavailable)
rCorr    .                      (gloves unavailable)
MR       .....                  (boots unavailable)
Stlth    ..........             v - amulet of faith
HPRegen  0.70/turn              b - ring "Biongat" {Str+4 SInv}
MPRegen  0.13/turn              t - +4 ring of protection

@: spider-form, no scrolls
A: tiny, unfitting armour, regeneration 1, inability to read while threatened,
no stealth, inability to train armour
a: End Transformation, Draw Out Power, Renounce Religion


You were on level 13 of the Dungeon.
You worshipped Ru.
Ru was most pleased with you.
You were a venomous arachnid creature.
You visited 2 branches of the dungeon, and saw 15 of its levels.
You also visited: Sewer and Gauntlet.

You collected 856 gold pieces.

Inventory:

Missiles
 j - 3 curare-tipped darts (quivered)
Armour
 c - a +2 robe of positive energy (melded)
 A - a +2 cloak (melded)
Jewellery
 b - the ring "Biongat" (left front leg) {Str+4 SInv}
   (You found it in a Gauntlet)

   [ring of see invisible]

   It affects your strength (+4).
   It lets you see invisible.
 o - an uncursed amulet of the acrobat
 t - a +4 ring of protection (right front leg)
 v - an amulet of faith (around neck)
 x - an uncursed ring of protection from magic
 B - an uncursed amulet of reflection {unknown}
 C - an uncursed ring of see invisible
 I - the ring "Muizathy" {rF- rN+ Int+4 Slay+2}
   (You found it in a Gauntlet)

   [ring of positive energy]

   It affects your intelligence (+4).
   It affects your accuracy and damage with ranged weapons and melee attacks
   (+2).
   It makes you vulnerable to fire.
   It protects you from negative energy.
 J - the ring "Tiesa" {+Fly rC- Int+7 Stlth+}
   (You found it in a Gauntlet)

   [ring of flight]

   It affects your intelligence (+7).
   It makes you vulnerable to cold.
   It lets you fly.
   It makes you more stealthy.
Wands
 k - a wand of flame (46)
 l - a wand of polymorph (12)
 n - a wand of paralysis (9)
 q - a wand of iceblast (31)
 y - a wand of random effects (21)
 z - a wand of disintegration (33)
Scrolls
 a - a scroll of identify
 e - a scroll of remove curse
 m - 6 scrolls of teleportation
 p - 2 scrolls of enchant armour
 D - 2 scrolls of holy word
 E - 2 scrolls of amnesia
 F - a scroll of immolation
 K - a scroll of fog
Potions
 d - a potion of cancellation
 f - a potion of might
 g - 2 potions of magic
 h - 4 potions of curing
 i - 2 potions of brilliance
 r - a potion of berserk rage
 s - 2 potions of flight
 w - a potion of ambrosia
 G - a potion of stabbing
 H - a potion of haste {unknown}
Miscellaneous
 u - a phial of floods


   Skills:
 + Level 8.4 Fighting
 + Level 8.6 Dodging
 * Level 13.9 Unarmed Combat
 - Level 1.2 Spellcasting
 + Level 7.9 Transmutations


You had 7 spell levels left.
You knew the following spells:

 Your Spells              Type           Power        Failure   Level
a - Beastly Appendage     Tmut           ###...       6%          1
b - Wereblood             Tmut           ###.....     8%          2
c - Spider Form           Tmut/Pois      #.........   38%         3

Your spell library contained the following spells:

 Spells                   Type           Power        Failure   Level
 Sting                    Tmut/Pois      #...         17%         1
 Animate Skeleton         Necr           #.....       54%         1
 Apportation              Tloc           #.....       54%         1
 Corona                   Hex            #......      54%         1
 Pain                     Necr           #...         54%         1
 Summon Small Mammal      Summ           #...         54%         1
 Ignite Poison            Fire/Tmut/Pois #.......     54%         3
 Blade Hands              Tmut           ###.......   56%         5
 Poisonous Vapours        Pois/Air       #.....       65%         2
 Ice Form                 Ice/Tmut       #.......     73%         4
 Mephitic Cloud           Conj/Pois/Air  #.......     85%         3
 Vampiric Draining        Necr           #.........   85%         3
 Animate Dead             Necr           #.........   99%         4
 Olgreb's Toxic Radiance  Pois           #.......     99%         4
 Agony                    Necr           #.......     100%        5
 Borgnjor's Vile Clutch   Necr/Erth      #.........   100%        5
 Death Channel            Necr           #.........   100%        6
 Simulacrum               Ice/Necr       #.........   100%        6


Dungeon Overview and Level Annotations

Branches:
Dungeon (14/15)            Temple (1/1) D:7            Lair (0/6) D:9
    Orc (0/2) D:10          Sewer (visited)         Gauntlet (visited)
 Vaults: D:13-14

Altars:
Ashenzari
Cheibriados
Dithmenos
Elyvilon
Fedhas
Kikubaaqudgha
Makhleb
Okawaru
Ru
Vehumet
Wu Jian
Zin
The Shining One

Shops:
D:4 [   D:9 *   D:11 }

Annotations:
D:13 exclusion: obsidian statue


Innate Abilities, Weirdness & Mutations

You are too large for most types of armour.
((You have claws for hands.))
Your natural rate of healing is unusually fast.
((You are covered in fur. (AC +1)))
((You have extremely tough skin. (AC +3)))
You cannot read scrolls while threatened.
You cannot be stealthy.
You cannot train Armour skill.


Message History

The eight-headed hydra bites you.
* * * LOW HITPOINT WARNING * * *
The eight-headed hydra closely misses you.
The eight-headed hydra bites you.
* * * LOW HITPOINT WARNING * * *
The eight-headed hydra completely misses you.
The eight-headed hydra bites you!
* * * LOW HITPOINT WARNING * * *
The eight-headed hydra bites you.
* * * LOW HITPOINT WARNING * * *
The eight-headed hydra bites you!
* * * LOW HITPOINT WARNING * * *
The eight-headed hydra completely misses you.
The komodo dragon misses you.
You hit the eight-headed hydra.
The eight-headed hydra looks as sick as possible!
The eight-headed hydra is almost dead.
You kill the eight-headed hydra!
The komodo dragon bites you!!
You die...

#..#.....#................#
#..#.....#................#
#..#.....#................#
#..#.....#................#######
#..#.....#.......................
...#####'#..######........######.
............#....#....#####....#.
............#....#....#........#.
............#...sl....#........#'
###.........#...†#....#..........
..#.........######....#...(......
..#...................#..........
..#...................###########
..#.......................[......
..'..............)...............
###...#####...............<......
......# #......................


You could see a komodo dragon.

Vanquished Creatures
  A minotaur (Gauntlet)
  2 hydras (D:13)
  4 centaur warriors
  A two-headed ogre (D:12)
  A tengu warrior (Gauntlet)
  A fire crab (Gauntlet)
  3 unseen horrors
  A wizard (D:10)
  A deep elf mage (D:12)
  2 ugly things
  Joseph (D:10)
  A gargoyle (D:10)
  Maggie (D:10)
  A centaur skeleton (D:11)
  A komodo dragon (D:13)
  2 tengu conjurers (Gauntlet)
  A troll (D:9)
  A wolf spider simulacrum (Gauntlet)
  A hornet (D:12)
  3 slime creatures (D:13)
  4 hippogriffs
  Prince Ribbit (D:5)
  2 shadows
  A centaur simulacrum (Gauntlet)
  A vampire (D:10)
  8 yaks
  2 wraiths
  3 wyverns
  3 fire bats (Gauntlet)
  A steam dragon (D:12)
  A harpy simulacrum (Gauntlet)
  A hydra simulacrum (Gauntlet)
  A soldier ant (D:12)
  3 water moccasins
  A hell hound (Gauntlet)
  An acid dragon (D:13)
  An ice beast (D:10)
  12 orc warriors
  5 phantoms
  5 sky beasts
  4 black bears
  7 ogres
  11 centaurs
  7 big kobolds
  3 crocodiles
  Blork the orc (D:4)
  6 bullfrogs
  A wyvern skeleton (D:12)
  7 scorpions
  22 killer bees
  2 troll zombies (D:10)
  2 howler monkeys (D:8)
  12 wights
  2 electric eels (D:8)
  2 centaur zombies
  2 bullfrog zombies
  A quasit (D:8)
  2 hounds
  2 jellies
  14 orc priests
  3 bullfrog skeletons
  7 iguanas
  18 orc wizards
  6 worker ants
  A killer bee zombie (D:8)
  4 ogre zombies (D:10)
  A hound zombie (D:7)
  2 hound skeletons
  Robin (D:3)
  A howler monkey zombie (D:7)
  A worker ant zombie (D:5)
  5 gnolls
  12 adders
  4 river rats (Sewer)
  4 shadow imps
  4 white imps
  An ufetubus (D:5)
  3 oozes (Sewer)
  3 adder skeletons
  An adder zombie (D:10)
  5 worms (Sewer)
  7 leopard geckos
  55 orcs
  6 bats
  5 giant cockroaches
  12 goblins
  9 hobgoblins
  8 jackals
  4 quokkas
  5 ball pythons
  5 frilled lizards
  3 goblin skeletons (D:10)
  A goblin zombie (D:10)
  3 hobgoblin zombies (D:10)
  23 kobolds
  3 orc skeletons (D:10)
  9 orc zombies (D:10)
  4 rats
446 creatures vanquished.

Vanquished Creatures (others)
  A killer bee (D:12)
  A plant (Gauntlet)
2 creatures vanquished.

Grand Total: 448 creatures vanquished

Notes
Turn   | Place    | Note
-------+----------+-------------------------------------------
     0 | D:1      | Lanoc the Troll Transmuter began the quest for the Orb.
     0 | D:1      | Reached XP level 1. HP: 18/18 MP: 1/1
    12 | D:2      | Found an ancient bone altar of Kikubaaqudgha.
   118 | D:2      | Reached skill level 1 in Fighting
   188 | D:2      | Reached XP level 2. HP: 27/27 MP: 2/2
   280 | D:2      | Found a blossoming altar of Fedhas.
   712 | D:3      | Reached XP level 3. HP: 33/33 MP: 3/3
   753 | D:3      | Found a glowing drain.
   760 | D:3      | Learned a level 2 spell: Wereblood
   761 | Sewer    | Entered a sewer
   801 | Sewer    | Noticed a big kobold
   821 | Sewer    | Killed a big kobold
   821 | Sewer    | Reached skill level 4 in Unarmed Combat
   821 | Sewer    | Reached XP level 4. HP: 35/42 MP: 2/4
   892 | Sewer    | Noticed a big kobold
   898 | Sewer    | Reached XP level 5. HP: 46/49 MP: 3/5
   985 | Sewer    | Reached XP level 6. HP: 46/57 MP: 6/6
  1145 | Sewer    | Reached skill level 5 in Unarmed Combat
  1409 | D:3      | Noticed Robin
  1420 | D:3      | Found a white marble altar of Elyvilon.
  1425 | D:3      | Killed Robin
  1699 | D:4      | Noticed Blork the orc
  1709 | D:4      | Killed Blork the orc
  1709 | D:4      | Reached XP level 7. HP: 54/66 MP: 2/7
  1880 | D:4      | Found Hucwuxit's Antique Armour Boutique.
  1883 | D:4      | Found a glowing golden altar of the Shining One.
  1897 | D:4      | Became a worshipper of the Shining One
  1924 | D:4      | Found a shattered altar of Ashenzari.
  2003 | D:4      | Found an ornate altar of the Wu Jian Council.
  2338 | D:4      | Found a glowing silver altar of Zin.
  2338 | D:4      | Noticed an angel
  2425 | D:5      | Entered Level 5 of the Dungeon
  2441 | D:5      | Noticed Prince Ribbit
  2469 | D:5      | Killed Prince Ribbit
  2469 | D:5      | Reached skill level 6 in Unarmed Combat
  2703 | D:5      | Found a shadowy altar of Dithmenos.
  2711 | D:5      | Reached XP level 8. HP: 73/75 MP: 8/8
  2717 | D:5      | Reached * piety under the Shining One
  3103 | D:6      | Reached skill level 7 in Unarmed Combat
  3372 | D:6      | Reached ** piety under the Shining One
  4045 | D:6      | Reached skill level 8 in Unarmed Combat
  4238 | D:6      | Found a radiant altar of Vehumet.
  4330 | D:6      | Reached XP level 9. HP: 80/85 MP: 9/9
  4666 | D:7      | Found an iron altar of Okawaru.
  4757 | D:7      | Found a sacrificial altar of Ru.
  4842 | D:7      | Fell from the grace of the Shining One
  4842 | D:7      | Became a worshipper of Ru the Awakened
  4861 | D:7      | Found a staircase to the Ecumenical Temple.
  4885 | Temple   | Entered the Ecumenical Temple
  4988 | D:7      | Reached skill level 5 in Dodging
  5505 | D:8      | Reached skill level 9 in Unarmed Combat
  5557 | D:8      | Reached skill level 5 in Fighting
  5766 | D:8      | Reached skill level 5 in Transmutations
  6023 | D:8      | Noticed a two-headed ogre
  6155 | D:8      | Reached XP level 10. HP: 46/96 MP: 7/10
  6419 | D:8      | Reached skill level 10 in Unarmed Combat
  6611 | D:8      | Noticed a centaur warrior
  6611 | D:8      | Noticed a cyan ugly thing
  6618 | D:8      | Killed an unseen horror
  6632 | D:8      | Killed a centaur warrior
  6641 | D:8      | Killed a cyan ugly thing
  7028 | D:9      | Found Caakug's Island Escapes.
  7074 | D:9      | Gained mutation: You cannot read scrolls while threatened.
                  | [Ru sacrifice]
  7074 | D:9      | Reached * piety under Ru
  7100 | D:9      | Reached skill level 11 in Unarmed Combat
  7333 | D:9      | Found a staircase to the Lair.
  7346 | D:9      | Reached XP level 11. HP: 80/106 MP: 8/11
  7864 | D:10     | Entered Level 10 of the Dungeon
  7887 | D:10     | Gained mutation: You cannot train Armour skill. [Ru
                  | sacrifice]
  7887 | D:10     | Reached ** piety under Ru
  8205 | D:10     | Noticed Maggie
  8216 | D:10     | Killed Maggie
  8217 | D:10     | Identified the +1 chain mail of Activism {rN+ Dex+4 Stlth-}
  8410 | D:10     | Noticed a wizard
  8422 | D:10     | Killed a wizard
  8752 | D:10     | Found a staircase to the Orcish Mines.
  8870 | D:10     | Noticed Joseph
  8884 | D:10     | Killed Joseph
  9484 | D:11     | Reached skill level 12 in Unarmed Combat
 10033 | D:11     | Found Ugeab's Gadget Shop.
 10045 | D:11     | Learned a level 3 spell: Spider Form
 10390 | D:12     | Killed an unseen horror
 10544 | D:12     | Noticed a deep elf mage
 10554 | D:12     | Killed a deep elf mage
 10554 | D:12     | Reached XP level 12. HP: 113/118 MP: 8/12
 10760 | D:12     | Noticed a centaur warrior
 10772 | D:12     | Killed a centaur warrior
 10931 | D:12     | Noticed a two-headed ogre
 10938 | D:12     | Killed a two-headed ogre
 11470 | D:13     | Reached skill level 13 in Unarmed Combat
 11492 | D:13     | Found a gate leading to a gauntlet.
 11522 | Gauntlet | Entered a Gauntlet
 11522 | Gauntlet | Found a transporter.
 11522 | Gauntlet | Found a transporter.
 11526 | Gauntlet | Found a transporter.
 11526 | Gauntlet | Found a transporter.
 11534 | Gauntlet | Noticed a tengu warrior
 11535 | Gauntlet | Found a transporter.
 11554 | Gauntlet | Found a transporter.
 11562 | Gauntlet | Found a transporter.
 11562 | Gauntlet | Noticed a blizzard demon
 11564 | Gauntlet | Found a transporter.
 11564 | Gauntlet | Found a transporter.
 11568 | Gauntlet | Found a transporter.
 11602 | Gauntlet | Found a transporter.
 11620 | Gauntlet | Found a transporter.
 11658 | Gauntlet | Found a transporter.
 11674 | Gauntlet | Found a transporter.
 11775 | Gauntlet | Found a transporter.
 11789 | Gauntlet | Found a transporter.
 11814 | Gauntlet | Gained mutation: You cannot be stealthy. [Ru sacrifice]
 11814 | Gauntlet | Reached *** piety under Ru
 11893 | Gauntlet | Killed a tengu warrior
 11906 | Gauntlet | Got an ancient copper ring
 11914 | Gauntlet | Identified the ring "Biongat" {Str+4 SInv} (You found it in
                  | a Gauntlet)
 11963 | Gauntlet | Got a shimmering lapis lazuli ring
 11965 | Gauntlet | Identified the ring "Muizathy" {rF- rN+ Int+4 Slay+2} (You
                  | found it in a Gauntlet)
 12111 | Gauntlet | Got a fine platinum ring
 12116 | Gauntlet | Identified the ring "Tiesa" {+Fly rC- Int+7 Stlth+} (You
                  | found it in a Gauntlet)
 12136 | Gauntlet | Noticed a minotaur
 12168 | Gauntlet | Killed a minotaur
 12335 | D:13     | Noticed a six-headed hydra
 12347 | D:13     | Killed a six-headed hydra
 12710 | D:13     | Noticed a centaur warrior
 12722 | D:13     | Killed a centaur warrior
 13291 | D:14     | Noticed a centaur warrior
 13303 | D:14     | Killed a centaur warrior
 13437 | D:14     | Noticed an eight-headed hydra
 13443 | D:13     | Killed an eight-headed hydra
 13443 | D:13     | Demolished by a komodo dragon

Illustrated notes

Levels and vault maps discovered:
D:1:      minmay_arrival_jagged, layout_loops_cross, serial_bayou_pond_e
D:2:      layout_loops_corners, grunt_temple_overflow_opulence,
          nicolae_overflow_crystal_walls, fedhas_altar_3
D:3:      layout_loops_ring, lemuel_crystal_altar, gup_sewer_entry_bowl,
          uniq_robin
D:4:      layout_loops_ring, marbit_many_paths, old_standard_altar, zin_angel,
          old_standard_altar, serial_shops, shop, st_stairs_13,
          minmay_misc_feat_x, uniq_blork_the_orc
D:5:      layout_loops_ring, nicolae_dithmenos_through_a_glass_darkly,
          uniq_prince_ribbit1
D:6:      layout_basic, fiery_altar_vehumet
D:7:      layout_basic, nicolae_ru_great_annihilating_truth,
          okawaru_altar_gauntlet_db, temple_statues
D:8:      minmay_chambers_of_sevens, layout_basic, nrook_pool_corridor,
          hangedman_abyss_or_decor_passed
D:9:      layout_gridville, david_lair_generic, nicolae_island_escapes
D:10:     layout_basic, zombieorc1_lemuel, uniq_joseph, uniq_maggie
D:11:     layout_small_grid, serial_shops, nicolae_shop_waterfront
D:12:     layout_loops_ring
D:13:     layout_irregular_city, gauntlet_entry_generic, minivault_15
D:14:     layout_rooms, david_vaults_5, minmay_holes,
          small_chamber_with_monster, uniq_snorg
Temple:   dpeg_chambers_temple

Skill      XL: |  1  2  3  4  5  6  7  8  9 10 11 12 |
---------------+-------------------------------------+-----
Fighting       | 1 2 3 4 5 6 7 8 |  8.4
Dodging        | 2 3 4 5 6 7 8 |  8.6
Unarmed Combat | 4 5 6 8 9 11 12 13 | 13.9
Transmutations | 2 3 4 5 6 7 |  7.9
Spellcasting   | |  1.2

Action                   |  1- 3 |  4- 6 |  7- 9 | 10-12 || total
-------------------------+-------+-------+-------+-------++-------
Melee: Unarmed           |    81 |   108 |   345 |   666 ||  1200
       Kick              |     3 |     8 |    19 |   119 ||   149
       Headbutt          |       |     5 |     6 |    73 ||    84
       Punch             |       |     2 |     6 |    46 ||    54
 Cast: Beastly Appendage |     3 |     4 |     8 |    45 ||    60
       Wereblood         |       |     3 |     7 |    45 ||    55
       Spider Form       |       |       |       |     2 ||     2
Invok: Sacrifice Words   |       |       |       |     1 ||     1
       Sacrifice Durabil |       |       |       |     1 ||     1
       Reject Sacrifices |       |       |       |     1 ||     1
       Sacrifice Stealth |       |       |       |     1 ||     1
  Use: Scroll            |       |       |     3 |    17 ||    20
       Potion            |       |       |       |     8 ||     8
 Stab: Invisible         |       |       |       |     6 ||     6
       Distracted        |       |       |       |     2 ||     2
       Confused          |       |       |       |     1 ||     1
Armor: Robe              |    20 |    33 |    80 |   299 ||   432
Dodge: Dodged            |    46 |    39 |   167 |   512 ||   764

Table legend: (Time is in decaauts)
 A = Elapsed time spent in this place.
 B = Non-inter-level travel time spent in this place.
 C = Inter-level travel time spent in this place.
 D = Time resting spent in this place.
 E = Time spent auto-exploring this place.
 F = Levels seen in this place.
 G = Mean time per level.
                   A        B        C        D        E       F      G
               +--------+--------+--------+--------+--------+-----+--------+
         Total |  13406 |  12948 |    458 |    466 |   9845 |  17 |  788.6 |
       Dungeon |  11885 |  11427 |    458 |    262 |   8999 |  14 |  848.9 |
        Temple |      4 |      4 |      0 |      0 |      0 |   1 |    4.0 |
         Sewer |    766 |    766 |      0 |      0 |    555 |   1 |  766.0 |
      Gauntlet |    750 |    750 |      0 |    204 |    290 |   1 |  750.0 |
               +--------+--------+--------+--------+--------+-----+--------+

Top non-repeatable levels by time:
     D:6: 1554 daAuts
     D:8: 1456 daAuts
    D:10: 1442 daAuts
    D:13: 1201 daAuts
    D:12: 1137 daAuts
     D:9: 941 daAuts
     D:7: 877 daAuts
    D:11: 813 daAuts
   Sewer: 766 daAuts
     D:4: 760 daAuts
Gauntlet: 750 daAuts
     D:5: 651 daAuts
     D:2: 566 daAuts
     D:3: 459 daAuts
    D:14: 16 daAuts
